 Dungeon Crawl Stone Soup version 0.19-a0-1162-g527d089 (webtiles) character file.

77 Kaname the Magician (level 4, 0/28 HPs)
             Began as a High Elf Wanderer on Aug 14, 2016.
             Slain by an adder (1 damage)
             ... on level 2 of the Dungeon.
             The game lasted 00:07:47 (2952 turns).

Kaname the Magician (High Elf Wanderer)             Turns: 2952, Time: 00:07:49

Health: 0/28       AC:  2    Str: 15    XL:     4   Next: 13%
Magic:  1/10       EV: 12    Int: 16    God:
Gold:   81         SH:  0    Dex: 11    Spells: 1 memorised, 8 levels left

rFire  . . .     SeeInvis .     c - +0 spear
rCold  . . .     Gourm    .     e - +0 robe
rNeg   . . .     Faith    .     (no shield)
rPois  .         Spirit   .     (no helmet)
rElec  .         Dismiss  .     (no cloak)
rCorr  .         Reflect  .     (no gloves)
MR     .....     Harm     .     (no boots)
Stlth  ++........               (no amulet)
                                (no ring)
                                (no ring)

@: lethally poisoned (0 -> -10)
A: no striking features
a: no special abilities


You were on level 2 of the Dungeon.
You were hungry.

You visited 1 branch of the dungeon, and saw 2 of its levels.

You collected 81 gold pieces.

Inventory:

Hand Weapons
 b - a +2 blowgun
 c - a +0 spear (weapon)
Missiles
 a - 4 curare-tipped needles
Armour
 e - a +0 robe (worn)
Scrolls
 h - a scroll of teleportation {unknown}
 i - a scroll of fog {unknown}
 j - a scroll of immolation {unknown}
 k - a scroll of remove curse {unknown}
 l - a scroll of magic mapping {unknown}
Books
 d - the Reference Book on the Frostbite

   Spells                             Type                      Level
   a - Throw Frost                    Conjuration/Ice              2
   b - Ensorcelled Hibernation        Hexes/Ice                    2
Comestibles
 f - 2 bread rations


   Skills:
 - Level 1.0 Fighting
 - Level 1.0 Throwing
 - Level 1.1 Dodging
 - Level 2.4 Stealth
   Level 1.0 Shields
 - Level 3.6 Spellcasting
 + Level 3.5 Conjurations
   Level 1.0 Summonings
 - Level 1.0 Ice Magic


You had 8 spell levels left.
You knew the following spells:

 Your Spells              Type           Power        Failure   Level  Hunger
a - Throw Frost           Conj/Ice       ##....       12%         2    ##.....


Dungeon Overview and Level Annotations

Branches:
Dungeon (2/15)

Altars:

Annotations:
D:2 Crazy Yiuf


Message History

Crazy Yiuf closely misses you.
Your magical contamination has completely faded away.
Crazy Yiuf cries, "You leg down broken song, no?"
The adder bites you.
* * * LOW HITPOINT WARNING * * *
You are lethally poisoned!
The adder poisons you!
* * * LOW HITPOINT WARNING * * *
You feel sick.
You hit the adder.
The adder is moderately wounded.
* * * LOW HITPOINT WARNING * * *
You feel sick. The adder barely misses you.
You closely miss the adder.
The adder is moderately wounded.
The adder bites you.
* * * LOW HITPOINT WARNING * * *
You are more poisoned.
The adder poisons you! The adder bites you.
You die...

## ##.#
#...........<.#...# #
#.#
#######.#.#.######.###.#
## ##.# #....<.....##
#.# #.# .###.##
#.#####...## #S# #.#
#...## #.#
#...########.# #.# ##.##
#.# #..........#.###.#
##.# #.#
#g#....###.#.#.... ...#
#.# #S####.###.#.....#
##.# #.#
#@###...#####....# ##(#
#.# #....###.# #....#
...##### #.## ###.## ###
#....# .).<...# #..# #.#
##...# ###.##.# ##.#
#.## ### ##.## ###.##.#
#.#######.###.# ##.#
..#.##.# #.##.........##
#.## #.#.##.#
#.##.####.#.## ##.#
#.#.##.####.##.####.#.#
#g##


You could see Crazy Yiuf and an adder.

Vanquished Creatures
  Ijyb (D:2)
  A gnoll (D:1)
  3 dart slugs (D:1)
  A giant gecko (D:2)
  5 goblins (D:1)
  6 hobgoblins
  9 kobolds
  A ball python (D:2)
  6 bats
  A giant newt (D:1)
  2 rats (D:1)
36 creatures vanquished.

Notes
Turn   | Place    | Note
-------+----------+-------------------------------------------
     0 | D:1      | Kaname the High Elf Wanderer began the quest for the Orb.
     0 | D:1      | Kaname set off with: 4 curare-tipped needles, a +2 blowgun, a +0 spear, the Reference Book on the Frostbite, a +0 robe, a bread ration
     0 | D:1      | Reached XP level 1. HP: 13/13 MP: 6/6
     0 | D:1      | Identified the Reference Book on the Frostbite
   749 | D:1      | Reached XP level 2. HP: 18/18 MP: 7/7
   753 | D:1      | Learned a level 2 spell: Throw Frost
  1211 | D:1      | Reached skill level 1 in Conjurations
  1808 | D:1      | Reached XP level 3. HP: 15/23 MP: 9/9
  2005 | D:2      | Found a faded altar of an unknown god.
  2313 | D:2      | Noticed Ijyb
  2339 | D:2      | HP: 1/23 [Ijyb (3)]
  2354 | D:2      | Killed Ijyb
  2354 | D:2      | Reached XP level 4. HP: 3/28 MP: 1/10
  2904 | D:2      | Found a runed door.
  2909 | D:2      | Noticed Crazy Yiuf
  2952 | D:2      | HP: 1/28 [adder (1)]
  2952 | D:2      | Slain by an adder

Vault maps used:
D:1:      dpeg_arrival_court, roderic_hopi_sauvastika
D:2:      ecumenical_altar_2, uniq_crazy_yiuf_cottage, uniq_iyjb

Skill      XL: |  1  2  3 |
---------------+----------+-----
Stealth        | 2 |  2.4
Conjurations   | 2 3 |  3.5
Fighting       | |  1.0
Throwing       | |  1.0
Dodging        | |  1.1
Shields        | |  1.0
Spellcasting   | |  3.6
Summonings     | |  1.0
Ice Magic      | |  1.0

Action                   |  1- 3 |  4- 6 || total
-------------------------+-------+-------++-------
Melee: Spear             |   122 |    12 ||   134
 Cast: Throw Frost       |     9 |     7 ||    16
  Use: Scroll            |     1 |     1 ||     2
       Potion            |     1 |     1 ||     2
 Stab: Sleeping          |     3 |       ||     3
  Eat: Chunk             |     4 |     3 ||     7
Armor: Robe              |    11 |       ||    11
Dodge: Dodged            |    61 |     7 ||    68
